 Dungeon Crawl Stone Soup version 0.18.1-8-gdd0e5ea (webtiles) character file.

30552 epen the Transmogrifier (level 13, -3/101 HPs)
             Began as a Merfolk Transmuter on May 21, 2016.
             Was a Follower of Ru.
             Slain by a death yak (23 damage)
             ... led by a torpor snail
             ... on level 5 of the Lair of Beasts.
             The game lasted 00:49:32 (22447 turns).

epen the Transmogrifier (Merfolk Transmuter)       Turns: 22447, Time: 00:49:35

Health: -3/101     AC:  8    Str: 11    XL:     13   Next: 52%
Magic:  30/33      EV: 17    Int: 17    God:    Ru [*.....]
Gold:   1218       SH:  0    Dex: 12    Spells: 5 memorised, 7 levels left

rFire  + . .     SeeInvis .       - Unarmed
rCold  + . .     Gourm    .     H - +2 robe {rC+ rF+}
rNeg   . . .     Faith    +     (shield currently unavailable)
rPois  .         Spirit   .     (helmet restricted)
rElec  .         Dismiss  .     o - +2 cloak
rCorr  +         Reflect  .     (gloves currently unavailable)
SustAt .         Harm     .     S - +0 pair of boots (curse)
MR     .....                    O - amulet of faith
Stlth  +.........               P - ring of resist corrosion
                                l - ring of magical power

@: lethally poisoned (-3 -> -33), blade hands, repel missiles, not resistant to
hostile enchantments, very unstealthy
A: change form in water, swift swim, horns 1, clumsy 1, screaming 1, hated by
all, MP-powered wands
a: End Transformation, Renounce Religion


You were on level 5 of the Lair of Beasts.
You worshipped Ru.
Ru was aware of your devotion.
You were not hungry.
You had blades for hands.
You visited 3 branches of the dungeon, and saw 18 of its levels.
You also visited: Sewer.

You collected 1218 gold pieces.

Inventory:

Hand Weapons
 K - a +1 scimitar of flaming
Missiles
 a - 262 arrows
Armour
 b - a +1 robe
 o - a +2 cloak (worn)
 D - a +0 pair of gloves (melded)
 H - a +2 robe of resistance (worn)
 S - a cursed +0 pair of boots (worn)
Magical Staves
 Q - an uncursed staff of cold
Jewellery
 l - a ring of magical power (left scythe-like blade)
 m - a +2 ring of strength
 s - an uncursed ring of flight
 B - an uncursed ring of protection from magic
 O - an amulet of faith (around neck)
 P - a ring of resist corrosion (right scythe-like blade)
 Y - an uncursed amulet of rage
Wands
 n - a wand of iceblast (9/15)
 p - a wand of lightning (4/15)
 v - a wand of disintegration (10/24)
 x - a wand of paralysis (5/24)
 y - a wand of flame (15/48)
 A - a wand of iceblast (11/15)
Scrolls
 f - 6 scrolls of remove curse
 j - 5 scrolls of magic mapping
 r - a scroll of identify
 C - a scroll of recharging
 G - 3 scrolls of blinking
 R - 3 scrolls of random uselessness
 U - a scroll of enchant armour
 V - 2 scrolls of teleportation
Potions
 e - 2 potions of curing
 g - 2 potions of ambrosia
 k - a potion of agility
 t - 4 potions of invisibility
 w - 3 potions of lignification
 z - 5 potions of berserk rage
 I - 2 potions of resistance
 W - a potion of cancellation
 X - a potion of flight
Books
 c - a book of Changes

   Spells                             Type                      Level
   a - Beastly Appendage              Transmutation                1
   b - Sticks to Snakes               Transmutation                2
   c - Spider Form                    Transmutation/Poison         3
   d - Ice Form                       Ice/Transmutation            4
   e - Blade Hands                    Transmutation                5
 i - a book of Air

   Spells                             Type                      Level
   a - Shock                          Conjuration/Air              1
   b - Swiftness                      Charms/Air                   2
   c - Repel Missiles                 Charms/Air                   2
   d - Static Discharge               Conjuration/Air              3
   e - Lightning Bolt                 Conjuration/Air              5
 u - a book of Summonings

   Spells                             Type                      Level
   a - Recall                         Summoning/Translocation      3
   b - Aura of Abjuration             Summoning                    5
   c - Summon Demon                   Summoning                    5
   d - Summon Forest                  Summoning/Translocation      5
   e - Summon Mana Viper              Hexes/Summoning              5
   f - Shadow Creatures               Summoning                    6
 J - a book of the Sky

   Spells                             Type                      Level
   a - Summon Lightning Spire         Summoning/Air                4
   b - Airstrike                      Air                          4
   c - Silence                        Hexes/Air                    5
   d - Deflect Missiles               Charms/Air                   6
   e - Conjure Ball Lightning         Conjuration/Air              6
   f - Tornado                        Air                          9
 N - a book of the Earth

   Spells                             Type                      Level
   a - Leda's Liquefaction            Hexes/Earth                  4
   b - Bolt of Magma                  Conjuration/Fire/Earth       5
   c - Statue Form                    Transmutation/Earth          6
   d - Iron Shot                      Conjuration/Earth            6
   e - Shatter                        Earth                        9
Miscellaneous
 L - a phial of floods
Comestibles
 d - 12 bread rations
 h - 12 meat rations
 q - 14 fruits
 E - 2 beef jerkies
 F - 3 slices of pizza


   Skills:
 + Level 9.0 Fighting
 + Level 10.8 Dodging
 * Level 13.1 Unarmed Combat
 + Level 7.8 Spellcasting
 * Level 14.2 Transmutations
 * Level 6.1 Earth Magic


You had 7 spell levels left.
You knew the following spells:

 Your Spells              Type           Power        Failure   Level  Hunger
a - Statue Form           Trmt/Erth      #####....    71%         6    ######.
b - Repel Missiles        Chrm/Air       #.....       63%         2    None
c - Spider Form           Trmt/Pois      ####......   17%         3    #......
d - Blade Hands           Trmt           ######....   14%         5    #####..
e - Ice Form              Ice/Trmt       ####....     41%         4    ###....


Dungeon Overview and Level Annotations

Branches:
Dungeon (11/15)            Temple (1/1) D:4            Lair (6/8) D:11
  Swamp (0/4) Lair:5       Spider (0/4) Lair:4          Orc (0/2) D:9
  Slime: Lair:6-8

Altars:
Ashenzari
Cheibriados
Dithmenos
Elyvilon
Fedhas
Gozag
Kikubaaqudgha
Makhleb
Nemelex Xobeh
Okawaru
Pakellas
Qazlal
Ru
Sif Muna
Trog
Vehumet
Xom
Yredelemnul
Zin
The Shining One

Annotations:
Lair:1 Gastronok
Lair:5 exclusion: oklob plant, Patate's ghost, journeyman GrFi


Innate Abilities, Weirdness & Mutations

You revert to your normal form in water.
You are very nimble and swift while swimming.
You occasionally shout uncontrollably at your foes.
You are hated by all.
You have a pair of small horns on your head.
You are clumsy. (Dex -2)
You expend magic power (3 MP) to strengthen your wands.


Message History

You are more poisoned.
The black mamba poisons you! The death yak gores you!!
You climb upwards.
Level annotation: exclusion: oklob plant, Patate's ghost, journeyman GrFi You feel very sick.
There is a stone staircase leading down here.
Unknown command.
You feel very sick. The black mamba bites you!
* * * LOW HITPOINT WARNING * * *
You are more poisoned.
The black mamba poisons you!
Drink which item? (? for menu, Esc to quit)
You feel better. The black mamba bites you.
You are poisoned.
The black mamba poisons you! The black mamba bites you!
* * * LOW HITPOINT WARNING * * *
You are lethally poisoned!
The black mamba poisons you! The death yak gores you!!
You die...

# #.....#....## ##...........##
# ##....#..### ##............#
# #.......# #P...........## #
##...#...######............#
###.........##.##...#.P......#
....................###......#
.......###.........#.........##
.......#####..................#
........# ##..#@.............##
.......## ###YS..............#
........# ##............##..#
......#.#
####.............#.###
#..##...###.##...........P.###
.#####..##................##
#.##...............b.....P##
###.....................PP.#
#................###.....##


You could see a death yak and a black mamba.

Vanquished Creatures
  The ghost of Zleub the Protected, a journeyman HuFi of Pakellas (Lair:1)
  Erica (D:9)
  An unseen horror (D:11)
  A hill giant (D:10)
  Pikel (D:9)
  3 griffons
  3 ugly things (D:11)
  An orb spider (Lair:4)
  Maurice (D:10)
  4 black mambas
  A gargoyle (D:11)
  4 spiny frogs
  A rime drake (Lair:1)
  4 komodo dragons
  Grinder (D:6)
  A two-headed ogre (D:10)
  Prince Ribbit (D:7)
  13 blink frogs
  Sigmund (D:2)
  31 yaks
  A shadow (D:11)
  A human (D:7)
  A vampire (D:11)
  5 hippogriffs
  A hog (D:7)
  A steam dragon (D:9)
  4 vampire mosquitoes (Lair:2)
  2 insubstantial wisps (Lair:2)
  11 water moccasins
  6 porcupines
  6 orc warriors
  4 sky beasts
  5 ice beasts
  A black bear (D:11)
  3 phantoms
  An eye of draining (D:9)
  4 ogres
  7 centaurs
  17 wolves
  7 crocodiles
  A big kobold (D:10)
  A wyvern zombie (D:11)
  12 giant frogs
  3 scorpions
  A wyvern skeleton (D:10)
  11 killer bees
  5 wights (D:9)
  An electric eel (Lair:6)
  6 howler monkeys
  4 crimson imps
  A giant frog zombie (D:10)
  3 iron imps (D:9)
  Crazy Yiuf (D:2)
  A gnoll shaman (D:6)
  7 orc priests
  3 centaur skeletons
  7 hounds
  3 jellies
  9 orc wizards
  Ijyb (D:2)
  Jessica (D:2)
  2 giant frog skeletons
  8 iguanas
  10 worker ants
  A sheep (D:7)
  A hound zombie (D:6)
  A hound skeleton (D:6)
  A worker ant zombie (D:6)
  14 gnolls
  A howler monkey skeleton (D:5)
  17 adders
  48 river rats
  2 shadow imps
  15 oozes (Lair:5)
  5 adder skeletons
  An adder zombie (D:5)
  2 worms
  2 dart slugs (D:2)
  7 giant geckos
  30 orcs
  4 ball pythons
  12 bats
  5 giant cockroaches
  4 goblins
  9 hobgoblins
  19 jackals
  15 kobolds
  3 quokkas
  3 giant newts
  11 rats
  A fungus (D:11)
499 creatures vanquished.

Vanquished Creatures (collateral kills)
  A scorpion (D:4)
  A howler monkey (D:9)
  An orc priest (D:4)
  A worker ant (D:4)
  An adder (D:4)
  A worm (D:2)
  4 orcs
10 creatures vanquished.

Vanquished Creatures (others)
  A slave (D:9)
  A giant frog zombie (D:9)
  35 fungi
  17 plants (D:11)
54 creatures vanquished.

Grand Total: 563 creatures vanquished

Notes
Turn   | Place    | Note
--------------------------------------------------------------
     0 | D:1      | epen the Merfolk Transmuter began the quest for the Orb.
     0 | D:1      | Reached XP level 1. HP: 15/15 MP: 3/3
   125 | D:1      | Reached XP level 2. HP: 12/21 MP: 5/5
   128 | D:1      | Reached skill level 3 in Transmutations
   132 | D:1      | Learned a level 2 spell: Sticks to Snakes
   975 | D:2      | Reached XP level 3. HP: 26/26 MP: 6/6
   980 | D:2      | Learned a level 3 spell: Spider Form
  1306 | D:2      | Reached XP level 4. HP: 28/33 MP: 4/7
  1434 | D:2      | Noticed Ijyb
  1448 | D:2      | Killed Ijyb
  1731 | D:2      | Noticed Jessica
  1737 | D:2      | Killed Jessica
  1737 | D:2      | Reached skill level 4 in Transmutations
  1737 | D:2      | Reached XP level 5. HP: 31/38 MP: 8/8
  1856 | D:2      | Noticed Crazy Yiuf
  1909 | D:2      | Killed Crazy Yiuf
  2056 | D:2      | Noticed Sigmund
  2104 | D:2      | Killed Sigmund
  2104 | D:2      | Reached skill level 5 in Unarmed Combat
  2104 | D:2      | Reached XP level 6. HP: 46/46 MP: 10/10
  2557 | D:3      | Reached skill level 5 in Transmutations
  3181 | D:4      | Reached XP level 7. HP: 52/52 MP: 11/11
  3188 | D:4      | Learned a level 5 spell: Blade Hands
  3714 | D:4      | Found a staircase to the Ecumenical Temple.
  3733 | Temple   | Entered the Ecumenical Temple
  4318 | D:4      | Found an ancient bone altar of Kikubaaqudgha.
  4473 | D:4      | Reached skill level 6 in Transmutations
  5089 | D:5      | Entered Level 5 of the Dungeon
  5103 | D:5      | Reached XP level 8. HP: 37/59 MP: 13/13
  5932 | D:5      | Reached skill level 5 in Dodging
  5932 | D:5      | Reached skill level 7 in Transmutations
  6973 | D:5      | Gained mutation: Your magical capacity is low (-10% MP). [potion of mutation]
  6973 | D:5      | Gained mutation: You evolve. [potion of mutation]
  6973 | D:5      | Gained mutation: You tend to lose your temper in combat. [potion of mutation]
  7253 | D:6      | Noticed Grinder
  7267 | D:6      | Paralysed by Grinder for 4 turns
  7268 | D:6      | Killed Grinder
  7268 | D:6      | Reached skill level 8 in Transmutations
  7268 | D:6      | Reached XP level 9. HP: 52/67 MP: 13/13
  7320 | D:6      | Gained mutation: You have a pair of small horns on your head. [mutagenic meat]
  7321 | D:6      | Gained mutation: You are partially covered in thin metallic scales (AC +2). [mutagenic meat]
  7357 | D:6      | Found a glowing drain.
  7370 | Sewer    | Entered a sewer
  7821 | D:6      | Reached skill level 5 in Fighting
  8284 | D:7      | Noticed Prince Ribbit
  8307 | D:7      | Killed Prince Ribbit
  8307 | D:7      | Reached skill level 9 in Transmutations
  8332 | D:7      | Reached skill level 5 in Spellcasting
  8505 | D:7      | Found a sacrificial altar of Ru.
  8522 | D:7      | Reached XP level 10. HP: 74/74 MP: 15/15
  8562 | D:7      | Became a worshipper of Ru the Awakened
  8641 | D:7      | Reached skill level 10 in Transmutations
  8709 | D:7      | Found a white marble altar of Elyvilon.
  8846 | D:7      | Learned a level 4 spell: Ice Form
  8911 | D:7      | Found an iron altar of Okawaru.
  9180 | D:8      | Found a shimmering altar of Xom.
  9180 | D:8      | Found a shimmering altar of Xom.
  9180 | D:8      | Found a shimmering altar of Xom.
  9191 | D:8      | Found a shimmering altar of Xom.
  9191 | D:8      | Found a shimmering altar of Xom.
  9191 | D:8      | Found a shimmering altar of Xom.
  9553 | D:8      | Found a snail-covered altar of Cheibriados.
 10215 | D:8      | Found a shimmering altar of Xom.
 10974 | D:8      | Noticed a guardian serpent
 10974 | D:8      | a hippogriff changed into a guardian serpent
 10976 | D:8      | a guardian serpent changed into something unseen
 11155 | D:9      | Reached skill level 10 in Unarmed Combat
 11155 | D:9      | Reached skill level 11 in Transmutations
 11166 | D:9      | Found a bloodstained altar of Trog.
 11166 | D:9      | Found a sparkling altar of Nemelex Xobeh.
 11167 | D:9      | Found a snail-covered altar of Cheibriados.
 11215 | D:9      | Noticed Pikel
 11226 | D:9      | Killed Pikel
 11315 | D:9      | Noticed Erica
 11326 | D:9      | Killed Erica
 11326 | D:9      | Reached XP level 11. HP: 67/83 MP: 18/18
 11655 | D:9      | Found an oddly glowing altar of Pakellas.
 11901 | D:8      | Noticed a deep troll
 11986 | D:9      | Learned a level 6 spell: Statue Form
 12094 | D:9      | Found a burning altar of Makhleb.
 12420 | D:9      | Found a staircase to the Orcish Mines.
 12539 | D:10     | Entered Level 10 of the Dungeon
 12836 | D:10     | Reached skill level 1 in Earth Magic
 12847 | D:10     | Noticed Maurice
 12853 | D:10     | Killed Maurice
 12913 | D:10     | Gained mutation: You are hated by all. [Ru sacrifice]
 12913 | D:10     | Reached * piety under Ru
 13014 | D:10     | Reached skill level 12 in Transmutations
 13098 | D:10     | Noticed a hill giant
 13133 | D:10     | Killed a hill giant
 13897 | D:11     | Noticed a griffon
 13898 | D:11     | Noticed a griffon
 13906 | D:11     | Killed a griffon
 13909 | D:11     | Killed a griffon
 14478 | D:11     | Noticed a green ugly thing
 14512 | D:11     | Killed an unseen horror
 14700 | D:11     | Killed a green ugly thing
 14700 | D:11     | Reached XP level 12. HP: 63/92 MP: 19/19
 15011 | D:11     | Found a staircase to the Lair.
 15424 | D:11     | Reached skill level 10 in Dodging
 15800 | Lair:1   | Entered Level 1 of the Lair of Beasts
 16016 | Lair:1   | Reached skill level 13 in Transmutations
 16248 | Lair:1   | Gained mutation: You occasionally shout uncontrollably at your foes. [Ru sacrifice]
 16314 | Lair:1   | Noticed Gastronok
 16455 | Lair:1   | Noticed Zleub's ghost (journeyman HuFi)
 16472 | Lair:1   | Killed Zleub's ghost
 17693 | Lair:3   | Found a stormy altar of Qazlal.
 18034 | Lair:3   | Reached skill level 5 in Earth Magic
 18306 | Lair:3   | Lost mutation: Your magical capacity is low (-10% MP). [evolution]
 18339 | Lair:3   | Reached XP level 13. HP: 87/99 MP: 24/24
 18924 | Lair:3   | You fall through a shaft for 3 floors!
 18993 | Lair:6   | Learned a level 2 spell: Repel Missiles
 19176 | Lair:4   | Reached skill level 14 in Transmutations
 19493 | Lair:3   | Lost mutation: You tend to lose your temper in combat. [potion of cure mutation]
 19493 | Lair:3   | Lost mutation: You have a pair of small horns on your head. [potion of cure mutation]
 19493 | Lair:3   | Lost mutation: You are partially covered in thin metallic scales (AC +2). [potion of cure mutation]
 19493 | Lair:3   | Lost mutation: You evolve. [potion of cure mutation]
 19653 | Lair:4   | Gained mutation: You expend magic power (3 MP) to strengthen your wands. [potion of mutation]
 19653 | Lair:4   | Gained mutation: You have a pair of small horns on your head. [potion of mutation]
 19653 | Lair:4   | Gained mutation: You are clumsy. (Dex -2) [potion of mutation]
 19661 | Lair:4   | Found a hole to the Spider Nest.
 20393 | Lair:5   | Noticed Patate's ghost (journeyman GrFi)
 20435 | Lair:5   | Found a staircase to the Swamp.
 22447 | Lair:5   | Slain by a death yak

Skill      XL: |  1  2  3  4  5  6  7  8  9 10 11 12 13 |
---------------+----------------------------------------+-----
Transmutations | 3 4 5 6 8 9 11 12 13 14 | 14.2
Dodging        | 3 4 6 7 8 9 10 | 10.8
Unarmed Combat | 4 5 6 7 9 10 11 12 13 | 13.1
Fighting       | 2 3 4 5 6 7 8 9 |  9.0
Spellcasting   | 3 4 5 6 7 |  7.8
Earth Magic    | 3 5 6 |  6.1

Action                   |  1- 3 |  4- 6 |  7- 9 | 10-12 | 13-15 || total
-------------------------+-------+-------+-------+-------+-------++-------
Melee: Unarmed           |   102 |   192 |   437 |   783 |   307 ||  1821
       Punch             |       |     2 |    12 |    21 |    12 ||    47
       Headbutt          |       |       |    26 |   119 |    48 ||   193
 Cast: Spider Form       |     2 |     8 |     9 |     1 |       ||    20
       Beastly Appendage |     2 |     1 |     2 |       |       ||     5
       Sticks to Snakes  |       |    15 |    21 |    15 |       ||    51
       Blade Hands       |       |       |     7 |    55 |    26 ||    88
       Repel Missiles    |       |       |       |       |     1 ||     1
Invok: Reject Sacrifices |       |       |       |     1 |     1 ||     2
       Sacrifice Love    |       |       |       |     1 |       ||     1
       Sacrifice Purity  |       |       |       |     1 |       ||     1
Evoke: Wand              |       |       |       |     1 |     1 ||     2
  Use: Potion            |     1 |       |     1 |     3 |     4 ||     9
       Scroll            |       |       |    11 |    13 |     8 ||    32
 Stab: Sleeping          |     1 |       |       |     3 |     2 ||     6
       Distracted        |       |       |       |     1 |     1 ||     2
  Eat: Chunk             |     1 |     9 |    24 |    51 |    19 ||   104
       Fruit             |       |       |     1 |       |       ||     1
       Pizza             |       |       |       |     2 |     2 ||     4
Armor: Robe              |     9 |    29 |    90 |   156 |    36 ||   320
       Skin              |     1 |     2 |     2 |       |       ||     5
Dodge: Dodged            |    63 |   135 |   292 |   564 |   215 ||  1269
